 Dungeon Crawl Stone Soup version 0.26-a0-663-g36e8fdb655 (webtiles) character file.

Game seed: 808156302438235652

50 P0NYSLAYSTATION the Chopper (level 3, 0/33 HPs)
             Began as a Hill Orc Monk on Oct 11, 2020.
             Slain by an adder (3 damage)
             ... on level 2 of the Dungeon.
             The game lasted 00:05:26 (890 turns).

P0NYSLAYSTATION the Chopper (Hill Orc Monk)          Turns: 890, Time: 00:05:27

Health: 0/33       AC:  3    Str: 14    XL:     3   Next: 79%
Magic:  3/3        EV: 13    Int: 16    God:
Gold:   28         SH:  0    Dex: 13    Spells: 2/2 levels left

rFire    . . .     SeeInvis .   a - +0 hand axe
rCold    . . .     Faith    .   (no shield)
rNeg     . . .     Spirit   .   b - +0 robe
rPois    .         Reflect  .   (no helmet)
rElec    .         Harm     .   g - +0 cloak
rCorr    .         Rampage  .   (no gloves)
MR       .....                  (no boots)
Stlth    +.........             m - amulet of regeneration
HPRegen  0.11/turn              c - ring of attention (curse)
MPRegen  0.08/turn              d - +6 ring of intelligence

@: lethally poisoned (0 -> -5)
A: no striking features
a: no special abilities


You were on level 2 of the Dungeon.
You visited 1 branch of the dungeon, and saw 2 of its levels.

You collected 28 gold pieces.

Inventory:

Hand Weapons
 a - a +0 hand axe (weapon)
Missiles
 e - 16 poisoned darts (quivered)
 i - 7 javelins
 n - 3 stones
Armour
 b - a +0 robe (worn)
 g - a +0 cloak (worn)
Jewellery
 c - a cursed ring of attention (left hand)
 d - a +6 ring of intelligence (right hand)
 k - an uncursed ring of see invisible {unknown}
 m - an amulet of regeneration (around neck)
Scrolls
 f - a scroll of magic mapping
 j - a scroll of enchant armour


   Skills:
 + Level 4.2 Fighting
 + Level 5.0 Axes
 + Level 2.8 Dodging
 + Level 1.6 Stealth


You had 2 spell levels left.
You didn't know any spells.
Your spell library was empty.

Dungeon Overview and Level Annotations

Branches:
Dungeon (2/15)

Altars:


Message History

The adder poisons you!
You feel sick.
You feel sick.
You aren't carrying any potions.
As you read the scroll labeled OLE XIAPRUOSOA, it crumbles to dust.
It is a scroll of amnesia.
You feel forgetful for a moment.
You feel sick. The adder closely misses you. The adder bites you.
* * * LOW HITPOINT WARNING * * *
You are lethally poisoned!
The adder poisons you!
* * * LOW HITPOINT WARNING * * *
You feel sick.
* * * LOW HITPOINT WARNING * * *
You feel sick. The adder misses you.
* * * LOW HITPOINT WARNING * * *
You feel sick.
* * * LOW HITPOINT WARNING * * *
You feel sick. The adder bites you.
You die...

#.#.# #.#. ..# #..
...###... ..##..
##..##..# #.#..#
...#...######.#.#
#†....#...##...##
#..#.#......††)..
#............(... #
##................
...####@S###............
........## #...........#
.####..<# ###...##....#
#.#...# #.#######.#
#.#.#..# #.# #.#
#........... .). . ..#
#####+ ##. ##..# . #..#


You could see an adder.

Vanquished Creatures
  A worker ant (D:2)
  An ooze (D:1)
  A dart slug (D:2)
  A leopard gecko (D:1)
  A giant cockroach (D:2)
  A goblin (D:1)
  7 jackals
  A quokka (D:2)
  A frilled lizard (D:1)
  2 kobolds (D:2)
  3 rats
20 creatures vanquished.

Vanquished Creatures (others)
  3 plants (D:2)
3 creatures vanquished.

Grand Total: 23 creatures vanquished

Notes
Turn   | Place    | Note
-------+----------+-------------------------------------------
     0 | D:1      | P0NYSLAYSTATION the Hill Orc Monk began the quest for the
                  | Orb.
     0 | D:1      | Reached XP level 1. HP: 19/19 MP: 1/1
   254 | D:2      | Noticed a worker ant
   263 | D:2      | Killed a worker ant
   263 | D:2      | Reached XP level 2. HP: 23/27 MP: 2/2
   263 | D:2      | Reached XP level 3. HP: 28/33 MP: 3/3
   863 | D:2      | Reached skill level 5 in Axes
   890 | D:2      | Slain by an adder

Illustrated notes

Levels and vault maps discovered:
D:1:      tarquinn_simple_flora_water_a, layout_basic
D:2:      layout_rooms, serial_forest, infiniplex_forest_lined_room_2,
          infiniplex_forest_clump_medium, infiniplex_forest_clump_diagonal,
          infiniplex_forest_clump_tiny, infiniplex_forest_join,
          infiniplex_forest_clump_double, infiniplex_forest_clump_tiny,
          minmay_door_square, minmay_pentomino_p4

Skill      XL: |  1  2  3 |
---------------+----------+-----
Fighting       | 4 |  4.2
Axes           | 5 |  5.0
Dodging        | |  2.8
Stealth        | |  1.6

Action                   || total
-------------------------++-------
Melee: Hand axe          ||    73
  Use: Potion            ||     1
       Scroll            ||     4
Armor: Robe              ||    13
Dodge: Dodged            ||    66

Table legend: (Time is in decaauts)
 A = Elapsed time spent in this place.
 B = Non-inter-level travel time spent in this place.
 C = Inter-level travel time spent in this place.
 D = Time resting spent in this place.
 E = Time spent auto-exploring this place.
 F = Levels seen in this place.
 G = Mean time per level.
                   A        B        C        D        E       F      G
               +--------+--------+--------+--------+--------+-----+--------+
         Total |    896 |    849 |     47 |      0 |    581 |   2 |  448.0 |
       Dungeon |    896 |    849 |     47 |      0 |    581 |   2 |  448.0 |
               +--------+--------+--------+--------+--------+-----+--------+

Top non-repeatable levels by time:
     D:1: 703 daAuts
     D:2: 192 daAuts
